 Dungeon Crawl Stone Soup version 0.29-a0-344-ge2f44be95a (webtiles) character file.

Game seed: 10435544600688636609

1959 spaghetti the Poker (level 9, -7/102 (109) HPs)
             Began as a Gnoll Berserker on Apr 21, 2022.
             Was a Priest of Trog.
             Mangled by a wight
             ... wielding a +0 spear of pain
              (10 damage)
             ... on level 8 of the Dungeon.
             The game lasted 00:11:20 (8062 turns).

spaghetti the Poker (Gnoll Berserker)               Turns: 8062, Time: 00:11:20

HP:   -7/102 (109)  AC:  2    Str: 21    XL:     9   Next: 19%
MP:   15/15         EV: 14    Int:  6    God:    Trog [***...]
Gold: 341           SH:  0    Dex: 12    Spells: 16/16 levels left

rFire   . . .      SeeInvis .   A - +4 dire flail (vorpal) {mace}
rCold   . . .      Faith    .   (shield currently unavailable)
rNeg    + . .      Spirit   .   b - +0 animal skin
rPois   .          Reflect  .   k - +0 hat
rElec   .          Harm     .   (no cloak)
rCorr   .          Rampage  .   (no gloves)
Will    ++...                   (no boots)
Stlth   ..........              (no amulet)
HPRegen 1.27/turn               t - ring of positive energy
MPRegen 0.14/turn               (no ring)

@: berserking (expiring), strong-willed (expiring), regenerating (expiring),
studying Unarmed Combat, drained, very quick
A: fangs 1, strong nose, distributed training
a: Renounce Religion, Berserk, Trog's Hand


You were on level 8 of the Dungeon.
You worshipped Trog.
Trog was most pleased with you.
You visited 1 branch of the dungeon, and saw 7 of its levels.
You also visited: Sewer.

You collected 341 gold pieces.


Innate Abilities, Weirdness & Mutations

You have very sharp teeth.
Your uncanny sense of smell can sniff out nearby items.
Your experience applies equally to all skills.


   Skills:
 + Level 7.7 Fighting
 + Level 4.0 Short Blades
 + Level 4.0 Long Blades
 + Level 4.0 Axes
 + Level 4.0 Maces & Flails
 + Level 7.7 Polearms
 + Level 4.0 Staves
 + Level 4.0 Slings
 + Level 4.0 Bows
 + Level 4.0 Crossbows
 + Level 4.0 Throwing
 + Level 6.1 Armour
 + Level 6.1 Dodging
 + Level 4.0 Stealth
 + Level 4.0 Shields
 + Level 4.7 Unarmed Combat
 + Level 4.0 Spellcasting
 + Level 3.3 Conjurations
 + Level 3.3 Hexes
 + Level 3.3 Summonings
 + Level 3.3 Necromancy
 + Level 3.3 Translocations
 + Level 3.3 Transmutations
 + Level 3.3 Fire Magic
 + Level 3.3 Ice Magic
 + Level 3.3 Air Magic
 + Level 3.3 Earth Magic
 + Level 3.3 Poison Magic
 + Level 4.4 Invocations
 + Level 4.0 Evocations


You had 16 spell levels left.
You didn't know any spells.
Your spell library contained the following spells:

 Spells                   Type           Power      Damage    Failure   Level
 Animate Skeleton         Necr           10%        N/A       9%          1
 Apportation              Tloc           10%        N/A       9%          1
 Pain                     Necr           20%        1d5       9%          1
 Sandblast                Erth           10%        2d5       9%          1
 Slow                     Hex            20%        N/A       9%          1
 Passwall                 Tmut/Erth      4%         N/A       13%         2
 Confusing Touch          Hex            5%         N/A       26%         3
 Stone Arrow              Conj/Erth      10%        3d7       26%         3
 Vampiric Draining        Necr           5%         2d6       26%         3
 Alistair's Intoxication  Tmut/Pois      3%         N/A       94%         5
 Summon Forest            Summ/Tloc      2%         N/A       94%         5
 Summon Mana Viper        Hex/Summ       5%         N/A       94%         5
 Summon Cactus Giant      Summ           2%         N/A       100%        6

Inventory:

Hand Weapons
 a - a +0 spear {polearm}
 w - a +2 dagger of draining {short}
   (You took it off an orc on level 4 of the Dungeon)
 A - a +4 vorpal dire flail (weapon) {mace}
   (You took it off Edmund on level 4 of the Dungeon)
Missiles
 c - a curare-tipped dart {=fthrowing}
 h - 441 stones (quivered) {throwing}
 n - 14 poisoned darts {throwing}
 x - 3 boomerangs {throwing}
 E - 6 atropa-tipped darts {throwing}
Armour
 b - a +0 animal skin (worn)
 k - a +0 hat (worn)
   (You found it on level 1 of the Dungeon)
Magical Staves
 u - a staff of earth {forbidden!astaff}
   (You found it on level 3 of the Dungeon)
 z - a staff of cold {forbidden!astaff}
   (You found it on level 4 of the Dungeon)
 K - a staff of fire {forbidden!astaff}
   (You took it off an orc on level 8 of the Dungeon)
 L - a staff of death {forbidden!astaff}
   (You found it on level 8 of the Dungeon)
Jewellery
 t - a ring of positive energy (left hand)
   (You found it on level 2 of the Dungeon)
 F - a ring of magical power
   (You found it on level 6 of the Dungeon)
 I - a ring of resist corrosion
   (You found it on level 8 of the Dungeon)
Wands
 y - a wand of mindburst (11)
   (You found it on level 4 of the Dungeon)
Scrolls
 d - a scroll of fear
 e - 6 scrolls of teleportation {@r4}
 f - 2 scrolls of blinking {!r}
 l - a scroll of amnesia {unknown}
 m - 4 scrolls of fog
 o - a scroll of noise {!r}
 p - 3 scrolls of enchant armour
 r - 3 scrolls of immolation {!r!r}
 s - 2 scrolls of vulnerability {!r!r}
 D - a scroll of holy word
 G - a scroll of identify {@r1}
 J - a scroll of summoning
Potions
 g - 4 potions of haste {unknown}
 i - 3 potions of degeneration {unknown}
 j - 7 potions of curing {unknown}
 q - a potion of heal wounds {unknown}
 v - 2 potions of might {unknown}
 B - a potion of attraction {unknown}
 C - 2 potions of resistance {unknown}
 H - a potion of lignification {unknown}

Dungeon Overview and Level Annotations

Branches:
Dungeon (6/15)             Temple (0/1) D:5           Sewer (visited)

Altars:
Ashenzari
Kikubaaqudgha
Ru
Sif Muna
Uskayaw

Shops:
D:8 (

Annotations:
D:4 2 transporters, spaghetti's ghost, amateur DsCK

∆ ## #.#... # . # #.#### #.
.#.##. #.#### #.####....c.
#..... #### #.........## ###...
#.... #).......######...
#....z##.##.....##.......
#.....zz.................
#...[.##@#.....###....... #....
#.###...# #####...
########.......# #...
#......##.### #.#.
####.####.##.# #...
#.#####.##.####.##.####### ##.#
#.)......#.#.............# ##.#
#######.##.#.##)###.####.###...
##.##......# #.##.......#.


You could see a centaur and 3 wights.


Message History

No target in view!
No target in view!
No target in view!
No target in view!
No target in view!
K - a staff of fire {forbidden!astaff}
G - 3 scrolls of identify {@r1} (gained 1)
You now have 341 gold pieces (gained 26).
You see here a +0 leather armour.
You see here a +0 leather armour.
You pick up a book of the Wilderness {forbidden} and begin reading...
You add the spells Summon Forest, Summon Mana Viper and Summon Cactus Giant to your library. 😎 HP[+1]
Your hp is fully restored (73).
Key pressed, stopping explore.
L - a staff of death {forbidden!astaff} An orc wizard comes into view.
It is wielding a staff of conjuration.
As you read the scroll of identify {@r1}, it crumbles to dust.
D - a scroll of holy word
As you read the scroll of identify {@r1}, it crumbles to dust.
J - a scroll of summoning No target in view!
No target in view!
No target in view! 2 wights come into view.
A wight is wielding a +0 spear of pain.
The wight moves out of view. x2 2 wights come into view.
The wight hits you with a +3 great sword!
You partially resist.
You feel drained. 😕 HP[-13]
You now have 71 max hp (-2).
You take 13 damage, and now have 60/71 hp.
You sock the wight!
The wight hits you with a +3 great sword!! 😮 HP[-20]
You take 20 damage, and now have 40/71 hp.
MASSIVE DAMAGE!! (PAUSE)
The wight attacks as you move away! The wight completely misses you.
You don't know any spells.
Unknown command.
A centaur comes into view. 😮 HP[+1]
Your skin crawls.
You feel strong-willed. The wight barely misses you.
The wight hits you from afar with a +0 spear!
* * * LOW HITPOINT WARNING * * *
You partially resist.
You feel drained. 😨 HP[-8]
You now have 69 max hp (-2).
You take 8 damage, and now have 33/69 hp.
A red film seems to cover your vision as you go berserk!
You feel yourself moving faster!
You feel mighty!
The centaur shouts!
The wight closely misses you. 😨 HP[+18]
You now have 103 max hp (+34).
You regained 18 hp, and now have 51/103 hp.
You thump the wight! You bite the wight.
You destroy the wight!
Trog accepts your kill.
The centaur wields a +0 shortbow.
The centaur shoots an arrow.
The arrow hits you!
* * * LOW HITPOINT WARNING * * *
The wight hits you from afar with a +0 spear!
* * * LOW HITPOINT WARNING * * *
You partially resist.
You feel drained.
* * * LOW HITPOINT WARNING * * *
😨 HP[-19]
You now have 105 max hp (+2).
You take 19 damage, and now have 32/105 hp.
Unknown command.
Unknown command.
You feel the effects of Trog's Hand fading.
The centaur shoots an arrow.
The arrow hits you.
* * * LOW HITPOINT WARNING * * *
The wight hits you from afar with a +0 spear of pain.
* * * LOW HITPOINT WARNING * * *
You partially resist.
You feel drained.
* * * LOW HITPOINT WARNING * * *
The wight hits you with a +0 spear!
* * * LOW HITPOINT WARNING * * *
You partially resist.
You feel drained.
* * * LOW HITPOINT WARNING * * *
😱 HP[-18]
You now have 102 max hp (-3).
You take 18 damage, and now have 14/102 hp.
Unknown command.
You feel a strong urge to attack something.
The centaur shoots an arrow.
The arrow barely misses you. 😱 HP[+1]
The centaur shoots an arrow.
The arrow hits you!
* * * LOW HITPOINT WARNING * * *
The wight hits you from afar with a +0 spear of pain!
You die...

Skill      XL: |  1  2  3  4  5  6  7  8  9 |
---------------+----------------------------+-----
Invocations    | 1 2 3 4 |  4.4
Short Blades   | 1 2 3 4 |  4.0
Long Blades    | 1 2 3 4 |  4.0
Axes           | 1 2 3 4 |  4.0
Maces & Flails | 1 2 3 4 |  4.0
Staves         | 1 2 3 4 |  4.0
Slings         | 1 2 3 4 |  4.0
Bows           | 1 2 3 4 |  4.0
Crossbows      | 1 2 3 4 |  4.0
Throwing       | 1 2 3 4 |  4.0
Stealth        | 1 2 3 4 |  4.0
Shields        | 1 2 3 4 |  4.0
Unarmed Combat | 1 2 4 |  4.7
Spellcasting   | 1 2 3 4 |  4.0
Evocations     | 1 2 3 4 |  4.0
Conjurations   | 1 2 3 |  3.3
Hexes          | 1 2 3 |  3.3
Summonings     | 1 2 3 |  3.3
Necromancy     | 1 2 3 |  3.3
Translocations | 1 2 3 |  3.3
Transmutations | 1 2 3 |  3.3
Fire Magic     | 1 2 3 |  3.3
Ice Magic      | 1 2 3 |  3.3
Air Magic      | 1 2 3 |  3.3
Earth Magic    | 1 2 3 |  3.3
Poison Magic   | 1 2 3 |  3.3
Armour         | 5 6 |  6.1
Dodging        | 5 6 |  6.1
Fighting       | 7 |  7.7
Polearms       | 7 |  7.7

Action                   |  1- 3 |  4- 6 |  7- 9 || total
-------------------------+-------+-------+-------++-------
Melee: Spear             |   121 |   121 |    88 ||   330
       Bite              |     8 |    16 |    25 ||    49
       Dire flail        |       |       |   185 ||   185
       Unarmed           |       |       |    32 ||    32
       Punch             |       |       |     2 ||     2
Throw: Stone             |    12 |    10 |    44 ||    66
Invok: Berserk           |       |     3 |     8 ||    11
       Trog's Hand       |       |       |     1 ||     1
  Use: Scroll            |       |       |    13 ||    13
 Stab: Sleeping          |     1 |     5 |     3 ||     9
Armor: Animal skin       |    10 |     6 |    23 ||    39
Dodge: Dodged            |    55 |    44 |   211 ||   310
Block: Buckler           |     4 |     8 |     7 ||    19

Levels and vault maps discovered:
D:1:      mrwooster_arrival_statue_3, layout_loops_ring,
          hellmonk_ecumenical_altar_lost_god
D:2:      layout_basic
D:3:      layout_basic
D:4:      layout_basic, mainiacjoe_overflow_24_doors,
          chequers_temple_overflow_statue_of_worship, gammafunk_ghost_arena,
          uniq_edmund
D:5:      layout_rooms, temple_statues, gup_sewer_entry_bowl
D:6:      layout_basic, nicolae_ashenzari_skybound
D:8:      layout_loops_cross, serial_shops, nicolae_shop_bloodbath_and_beyond

Notes
Turn   | Place    | Note
-------+----------+-------------------------------------------
     0 | D:1      | spaghetti the Gnoll Berserker began the quest for the Orb.
     0 | D:1      | Reached XP level 1. HP: 23/23 MP: 1/1
     0 | D:1      | magus.rc [v1.9.6]
     5 | D:1      | You pick up a book of Necromancy {forbidden} and begin
                  | reading...
     5 | D:1      | You add the spells Pain, Animate Skeleton and Vampiric
                  | Draining to your library.
    75 | D:1      | You pick up a book of Debilitation {forbidden} and begin
                  | reading...
    75 | D:1      | You add the spells Slow and Confusing Touch to your
                  | library.
   231 | D:1      | Reached XP level 2. HP: 29/29 MP: 2/2
   447 | D:1      | Found a faded altar of an unknown god.
   518 | D:1      | You pick up a book of Party Tricks {forbidden} and begin
                  | reading...
   518 | D:1      | You add the spells Apportation and Alistair's Intoxication
                  | to your library.
   576 | D:1      | You pick up a book of Geomancy {forbidden} and begin
                  | reading...
   576 | D:1      | You add the spells Sandblast, Passwall and Stone Arrow to
                  | your library.
  1111 | D:2      | Reached XP level 3. HP: 35/35 MP: 3/3
  1345 | D:2      | Reached skill level 1 in Invocations
  1792 | D:2      | Reached ** piety under Trog
  1820 | D:2      | Reached skill level 1 in Short Blades
  1820 | D:2      | Reached skill level 1 in Long Blades
  1820 | D:2      | Reached skill level 1 in Axes
  1820 | D:2      | Reached skill level 1 in Maces & Flails
  1820 | D:2      | Reached skill level 1 in Staves
  1820 | D:2      | Reached skill level 1 in Slings
  1820 | D:2      | Reached skill level 1 in Bows
  1820 | D:2      | Reached skill level 1 in Crossbows
  1820 | D:2      | Reached skill level 1 in Throwing
  1820 | D:2      | Reached skill level 1 in Stealth
  1820 | D:2      | Reached skill level 1 in Shields
  1820 | D:2      | Reached skill level 1 in Unarmed Combat
  1820 | D:2      | Reached skill level 1 in Spellcasting
  1820 | D:2      | Reached skill level 1 in Evocations
  1831 | D:2      | Reached XP level 4. HP: 26/41 MP: 5/5
  2332 | D:3      | Noticed a black bear
  2350 | D:3      | HP: 10/41 [black bear (1)]
  2352 | D:3      | Killed a black bear
  2353 | D:3      | Reached skill level 1 in Conjurations
  2353 | D:3      | Reached skill level 1 in Hexes
  2353 | D:3      | Reached skill level 1 in Summonings
  2353 | D:3      | Reached skill level 1 in Necromancy
  2353 | D:3      | Reached skill level 1 in Translocations
  2353 | D:3      | Reached skill level 1 in Transmutations
  2353 | D:3      | Reached skill level 1 in Fire Magic
  2353 | D:3      | Reached skill level 1 in Ice Magic
  2353 | D:3      | Reached skill level 1 in Air Magic
  2353 | D:3      | Reached skill level 1 in Earth Magic
  2353 | D:3      | Reached skill level 1 in Poison Magic
  2353 | D:3      | Reached XP level 5. HP: 9/47 MP: 5/7
  2642 | D:3      | Noticed an orc warrior
  2665 | D:3      | Killed an orc warrior
  2666 | D:3      | Reached skill level 2 in Invocations
  2666 | D:3      | Reached XP level 6. HP: 51/53 MP: 8/8
  3108 | D:3      | Reached skill level 5 in Armour
  3108 | D:3      | Reached skill level 5 in Dodging
  3319 | D:4      | Reached skill level 2 in Short Blades
  3319 | D:4      | Reached skill level 2 in Long Blades
  3319 | D:4      | Reached skill level 2 in Axes
  3319 | D:4      | Reached skill level 2 in Maces & Flails
  3319 | D:4      | Reached skill level 2 in Staves
  3319 | D:4      | Reached skill level 2 in Slings
  3319 | D:4      | Reached skill level 2 in Bows
  3319 | D:4      | Reached skill level 2 in Crossbows
  3319 | D:4      | Reached skill level 2 in Throwing
  3319 | D:4      | Reached skill level 2 in Stealth
  3319 | D:4      | Reached skill level 2 in Shields
  3319 | D:4      | Reached skill level 2 in Unarmed Combat
  3319 | D:4      | Reached skill level 2 in Spellcasting
  3319 | D:4      | Reached skill level 2 in Evocations
  3547 | D:4      | Found a sacrificial altar of Ru.
  3637 | D:4      | HP: 7/79 [gnoll/+0 halberd (13)]
  3639 | D:4      | Reached XP level 7. HP: 8/59 MP: 10/10
  3919 | D:4      | Found a transporter.
  3920 | D:4      | Noticed spaghetti's ghost (amateur DsCK)
  3970 | D:4      | Reached skill level 7 in Fighting
  3970 | D:4      | Reached skill level 7 in Polearms
  4019 | D:4      | Reached skill level 2 in Conjurations
  4019 | D:4      | Reached skill level 2 in Hexes
  4019 | D:4      | Reached skill level 2 in Summonings
  4019 | D:4      | Reached skill level 2 in Necromancy
  4019 | D:4      | Reached skill level 2 in Translocations
  4019 | D:4      | Reached skill level 2 in Transmutations
  4019 | D:4      | Reached skill level 2 in Fire Magic
  4019 | D:4      | Reached skill level 2 in Ice Magic
  4019 | D:4      | Reached skill level 2 in Air Magic
  4019 | D:4      | Reached skill level 2 in Earth Magic
  4019 | D:4      | Reached skill level 2 in Poison Magic
  4049 | D:4      | Noticed Edmund
  4063 | D:4      | Killed Edmund
  4214 | D:4      | Found a shimmering blue altar of Sif Muna.
  4216 | D:4      | Found a hide-covered altar of Uskayaw.
  4216 | D:4      | Found an ancient bone altar of Kikubaaqudgha.
  4571 | D:4      | Found a transporter.
  4790 | D:5      | Entered Level 5 of the Dungeon
  4790 | D:5      | Found a staircase to the Ecumenical Temple.
  4823 | D:5      | Reached skill level 3 in Invocations
  4902 | D:5      | Reached XP level 8. HP: 62/67 MP: 12/12
  5039 | D:5      | Found a glowing drain.
  5044 | Sewer    | Entered a sewer
  5066 | Sewer    | Reached skill level 3 in Short Blades
  5066 | Sewer    | Reached skill level 3 in Long Blades
  5066 | Sewer    | Reached skill level 3 in Axes
  5066 | Sewer    | Reached skill level 3 in Maces & Flails
  5066 | Sewer    | Reached skill level 3 in Staves
  5066 | Sewer    | Reached skill level 3 in Slings
  5066 | Sewer    | Reached skill level 3 in Bows
  5066 | Sewer    | Reached skill level 3 in Crossbows
  5066 | Sewer    | Reached skill level 3 in Throwing
  5066 | Sewer    | Reached skill level 3 in Stealth
  5066 | Sewer    | Reached skill level 3 in Shields
  5066 | Sewer    | Reached skill level 3 in Unarmed Combat
  5066 | Sewer    | Reached skill level 3 in Spellcasting
  5066 | Sewer    | Reached skill level 3 in Evocations
  5578 | Sewer    | Reached *** piety under Trog
  6066 | Sewer    | Identified a scroll of acquirement
  6066 | Sewer    | Acquired a manual of Unarmed Combat
  7128 | D:6      | Reached skill level 4 in Unarmed Combat
  7128 | D:6      | Reached skill level 3 in Conjurations
  7128 | D:6      | Reached skill level 3 in Hexes
  7128 | D:6      | Reached skill level 3 in Summonings
  7128 | D:6      | Reached skill level 3 in Necromancy
  7128 | D:6      | Reached skill level 3 in Translocations
  7128 | D:6      | Reached skill level 3 in Transmutations
  7128 | D:6      | Reached skill level 3 in Fire Magic
  7128 | D:6      | Reached skill level 3 in Ice Magic
  7128 | D:6      | Reached skill level 3 in Air Magic
  7128 | D:6      | Reached skill level 3 in Earth Magic
  7128 | D:6      | Reached skill level 3 in Poison Magic
  7128 | D:6      | Reached skill level 4 in Invocations
  7435 | D:6      | Found a broken altar of Ashenzari.
  7440 | D:6      | You fall into a shaft and drop 2 floors!
  7474 | D:8      | Reached skill level 6 in Armour
  7474 | D:8      | Reached skill level 6 in Dodging
  7474 | D:8      | Reached XP level 9. HP: 72/72 MP: 14/14
  7501 | D:8      | Found Iblaqy's Weapon Emporium.
  7838 | D:8      | Reached skill level 4 in Short Blades
  7838 | D:8      | Reached skill level 4 in Long Blades
  7838 | D:8      | Reached skill level 4 in Axes
  7838 | D:8      | Reached skill level 4 in Maces & Flails
  7838 | D:8      | Reached skill level 4 in Staves
  7838 | D:8      | Reached skill level 4 in Slings
  7838 | D:8      | Reached skill level 4 in Bows
  7838 | D:8      | Reached skill level 4 in Crossbows
  7838 | D:8      | Reached skill level 4 in Throwing
  7838 | D:8      | Reached skill level 4 in Stealth
  7838 | D:8      | Reached skill level 4 in Shields
  7838 | D:8      | Reached skill level 4 in Spellcasting
  7838 | D:8      | Reached skill level 4 in Evocations
  7990 | D:8      | You pick up a book of the Wilderness {forbidden} and begin
                  | reading...
  7990 | D:8      | You add the spells Summon Forest, Summon Mana Viper and
                  | Summon Cactus Giant to your library.
  8060 | D:8      | HP: 23/105 [wight/+0 spear of pain (5)]
  8062 | D:8      | HP: 3/102 [centaur/arrow (13)]
  8062 | D:8      | Mangled by a wight

Vanquished Creatures
  Edmund (D:4)
  An orc warrior (D:3)
  2 ice beasts
  A black bear (D:3)
  An ogre (D:5)
  A centaur (D:8)
  3 phantoms
  3 kobold brigands
  A necrophage (D:5)
  2 bullfrogs (D:8)
  A wight (D:8)
  A howler monkey (D:4)
  3 orc priests
  4 iguanas
  A gnoll shaman (D:4)
  3 orc wizards
  12 adders
  3 gnolls (D:4)
  A river rat (Sewer)
  A shadow imp (D:5)
  A white imp (D:6)
  3 worms
  2 dart slugs
  16 orcs
  10 ball pythons
  8 endoplasms
  5 giant cockroaches
  8 goblins
  6 hobgoblins
  4 jackals (Sewer)
  A quokka (D:2)
  6 bats
  6 frilled lizards
  16 kobolds
  6 rats
144 creatures vanquished.

Vanquished Creatures (others)
  8 plants (Sewer)
8 creatures vanquished.

Grand Total: 152 creatures vanquished

Table legend:
 A = Non-vault XP
 B = Vault XP
 C = Vault XP percentage of total XP
 D = Non-vault monster count
 E = Vault monster count
 F = Vault count percentage of total count
                 A         B        C        D         E       F
            +---------+---------+-------+---------+---------+-------
      Total |    2332 |     467 |  16.7 |     114 |      30 |  20.8
            +---------+---------+-------+---------+---------+-------
        D:1 |      30 |       0 |   0.0 |      16 |       0 |   0.0
        D:2 |      61 |       0 |   0.0 |      19 |       0 |   0.0
        D:3 |     329 |       0 |   0.0 |      15 |       0 |   0.0
        D:4 |     422 |     154 |  26.7 |      26 |       1 |   3.7
        D:5 |     694 |       9 |   1.3 |      20 |       3 |  13.0
        D:6 |     283 |       0 |   0.0 |       4 |       0 |   0.0
        D:8 |     513 |       0 |   0.0 |      14 |       0 |   0.0
      Sewer |       0 |     304 | 100.0 |       0 |      26 | 100.0
            +---------+---------+-------+---------+---------+-------

Illustrated notes

Table legend:
 A = Kills in this place as a percentage of kills in entire the game.
 B = Kills by you in this place as a percentage of kills by you in the entire game.
 C = Kills by friends in this place as a percentage of kills by friends in the entire game.
 D = Other kills in this place as a percentage of other kills in the entire game.
 E = Experience gained in this place as a percentage of experience gained in the entire game.
 F = Experience gained in this place divided by the number of levels of this place that you have seen.
                   A       B       C       D       E      F
               +-------+-------+-------+-------+-------+----------------------
         Total | 100.0 | 100.0 |   N/A |   N/A | 100.0 | 349.9
       Dungeon |  81.9 |  81.9 |   N/A |   N/A |  89.1 | 356.4
         Sewer |  18.1 |  18.1 |   N/A |   N/A |  10.9 | 304.0
               +-------+-------+-------+-------+-------+----------------------

Table legend: (Time is in decaauts)
 A = Elapsed time spent in this place.
 B = Non-inter-level travel time spent in this place.
 C = Inter-level travel time spent in this place.
 D = Time resting spent in this place.
 E = Time spent auto-exploring this place.
 F = Levels seen in this place.
 G = Mean time per level.
                   A        B        C        D        E       F      G
               +--------+--------+--------+--------+--------+-----+--------+
         Total |   8272 |   8072 |    200 |    904 |   5964 |   8 | 1034.0 |
       Dungeon |   6894 |   6694 |    200 |    904 |   4962 |   7 |  984.9 |
         Sewer |   1378 |   1378 |      0 |      0 |   1002 |   1 | 1378.0 |
               +--------+--------+--------+--------+--------+-----+--------+

Top non-repeatable levels by time:
     D:4: 1548 daAuts
   Sewer: 1378 daAuts
     D:5: 1117 daAuts
     D:3: 1088 daAuts
     D:1: 1085 daAuts
     D:2: 1062 daAuts
     D:8: 623 daAuts
     D:6: 368 daAuts
